[Event "Titled Tuesday Blitz May 30 Late 2023"]
[White "Turayev, Shahruh"]
[Black "Grigoriants, Sergey"]
[WhiteFideId "14003856"]
[BlackFideId "4130804"]
[WhiteElo "2185"]
[BlackElo "2502"]
[Result "1-0"]
[Round "04"]
[TimeControl "180+2"]
[Date "2023.05.31"]
[WhiteClock "0:00:26"]
[BlackClock "0:00:28"]

1. e4 c5 2. Nc3 Nc6 3. Bb5 Nd4 4. Bc4 g6 5. Nge2 Bg7 6. Nxd4 cxd4 7. Qf3 Nf6 8. e5 dxc3 9. exf6 cxd2+ 10. Bxd2 Bxf6 11. O-O-O O-O 12. h4 h5 13. Bg5 d5 14. Rxd5 Qb6 15. Bxf6 Qxf6 16. Qxf6 exf6 17. Rd6 Kg7 18. Re1 Bf5 19. Re7 Rad8 20. Rxd8 Rxd8 21. Rxf7+ Kh6 22. Rxb7 Be4 23. Rxa7 Bxg2 24. a4 g5 25. hxg5+ fxg5 26. Bd3 g4 27. a5 h4 28. Rh7+ Kg5 29. b4 Rf8 30. Rg7+ Kh5 31. Rh7+ Kg5 32. Rg7+ Kh5 33. Be2 Rxf2 34. Bxg4+ Kh6 35. Rc7 h3 36. Bxh3 Bxh3 37. b5 Kg5 38. a6 Bg2 39. b6 Rf6 40. Rg7+ Kf5 41. b7 Bxb7 42. axb7 Rb6 43. c4 Ke6 44. Rg6+ 1-0


[Site "https://www.chess.com"]

[Event "Titled Tuesday Blitz May 30 Late 2023"]
[White "Do Valle Cardoso, Lucas"]
[Black "Bazeev, German"]
[WhiteFideId "2163144"]
[BlackFideId "24119350"]
[WhiteElo "2372"]
[BlackElo "2466"]
[Result "1-0"]
[Round "04"]
[TimeControl "180+2"]
[Date "2023.05.31"]
[WhiteClock "0:00:06"]
[BlackClock "0:00:04"]

1. e4 c5 2. Nf3 Nf6 3. Nc3 Nc6 4. Bb5 e5 5. d3 d6 6. Nd2 Be7 7. Nc4 O-O 8. Ne3 Nd4 9. Bc4 Be6 10. a3 Qd7 11. O-O b5 12. Ba2 a5 13. Ncd5 Rab8 14. c3 Nc6 15. h3 a4 16. Qf3 Bd8 17. Nf5 Bxf5 18. Nxf6+ Bxf6 19. exf5 Ne7 20. g4 h6 21. Bd5 Nxd5 22. Qxd5 b4 23. axb4 cxb4 24. Be3 Rfc8 25. c4 e4 26. d4 Qc7 27. Rfc1 a3 28. bxa3 b3 29. Rab1 Qa7 30. c5 dxc5 31. Rxb3 cxd4 32. Rxc8+ Rxc8 33. Rb7 Qxa3 34. Qxf7+ Kh8 35. Bxh6 Qf8 36. Qg6 Qg8 37. Bf4 e3 38. fxe3 d3 39. Rd7 Rd8 40. e4 Rxd7 41. e5 d2 42. Bxd2 Rxd2 43. exf6 Rd1+ 44. Kg2 Rd8 45. f7 Qh7 46. Qe6 Rf8 47. Qe8 Qg8 48. fxg8=Q+ Kxg8 49. Qe6+ Rf7 50. g5 Kf8 51. Qc8+ Ke7 52. Qc7+ Kf8 53. Qxf7+ Kxf7 54. Kg3 1-0


[Site "https://www.chess.com"]

[Event "Titled Tuesday Blitz May 30 Late 2023"]
[White "Pakleza, Zbigniew"]
[Black "Saveliev, Alexei"]
[WhiteFideId "1119290"]
[BlackFideId "24128546"]
[WhiteElo "2410"]
[BlackElo "2271"]
[Result "1/2-1/2"]
[Round "04"]
[TimeControl "180+2"]
[Date "2023.05.31"]
[WhiteClock "0:00:10"]
[BlackClock "0:00:26"]

1. d4 g6 2. Nf3 Bg7 3. Bf4 Nf6 4. e3 O-O 5. Be2 d6 6. O-O b6 7. h3 Bb7 8. c3 Nbd7 9. Nbd2 Ne4 10. a4 a5 11. Bh2 e5 12. Qb3 Nxd2 13. Nxd2 Qe7 14. Bf3 Bxf3 15. Nxf3 h6 16. Rac1 Kh7 17. Rfd1 f5 18. Qc4 Rac8 19. b4 exd4 20. cxd4 axb4 21. Qxb4 Nf6 22. Rc6 Ra8 23. Qc4 Ra7 24. Rc1 Rf7 25. Nd2 Ne4 26. Nxe4 fxe4 27. Bg3 Qf6 28. Qd5 Qf5 29. Qxf5 gxf5 30. R6c4 Bf6 31. Kf1 Kg6 32. Ke2 Bg5 33. R1c2 Bd8 34. Bf4 Bg5 35. Bg3 Bd8 36. Bf4 Bg5 37. Bh2 Bd8 38. f3 exf3+ 39. Kxf3 Kf6 40. Bf4 Ke6 41. Bxh6 c5 42. dxc5 bxc5 43. Bf4 Be7 44. g4 fxg4+ 45. hxg4 d5 46. Rxc5 Bxc5 47. Rxc5 Rxa4 48. Rc6+ Kd7 49. Rd6+ Ke8 50. Rxd5 Ra1 51. Re5+ Re7 52. Rh5 Rf1+ 53. Kg2 Rb1 54. g5 Kf7 55. Rh7+ Ke6 56. Rh6+ Kf5 57. Kf3 Rf1+ 58. Kg2 Rxf4 59. exf4 Kxf4 60. g6 Rg7 61. Rh4+ Kg5 62. Rh3 Rxg6 63. Rg3+ Kf6 64. Rxg6+ Kxg6 1/2-1/2


[Site "https://www.chess.com"]

[Event "Titled Tuesday Blitz May 30 Late 2023"]
[White "Papasimakopoulos, Alexandros"]
[Black "Ezat, Mohamed"]
[WhiteFideId "4244125"]
[BlackFideId "10600906"]
[WhiteElo "2359"]
[BlackElo "2386"]
[Result "1-0"]
[Round "04"]
[TimeControl "180+2"]
[Date "2023.05.31"]
[WhiteClock "0:00:19"]
[BlackClock "0:00:35"]

1. d4 Nf6 2. c4 g6 3. Nc3 Bg7 4. Bg5 h6 5. Bh4 Kf8 6. e4 d6 7. f4 Kg8 8. Nf3 Kh7 9. e5 Nfd7 10. Bd3 Re8 11. O-O c6 12. exd6 Nf6 13. dxe7 Qxe7 14. Ne5 Qc7 15. f5 g5 16. Bg3 Qb6 17. Nxf7 Qxd4+ 18. Kh1 Na6 19. Nd6 Re3 20. Bc2 Qxd1 21. Raxd1 Nb4 22. Bb1 a5 23. Bf2 Re7 24. Rfe1 Rxe1+ 25. Rxe1 Bd7 26. Nxb7 a4 27. a3 Na6 28. Nxa4 Rb8 29. Nbc5 Nxc5 30. Bxc5 Kh8 31. Nb6 Be8 32. b4 Bf7 33. a4 Ng4 34. a5 Bc3 35. Rc1 Bd2 36. Rd1 Be3 37. Bxe3 Nxe3 38. Rc1 Nxf5 39. Bxf5 Rf8 40. a6 Be8 41. a7 Bf7 42. a8=Q Rxa8 43. Nxa8 1-0


[Site "https://www.chess.com"]

[Event "Titled Tuesday Blitz May 30 Late 2023"]
[White "Makridis, Dimitrios"]
[Black "Bruedigam, Martin"]
[WhiteFideId "25864475"]
[BlackFideId "24608033"]
[WhiteElo "2277"]
[BlackElo "2331"]
[Result "0-1"]
[Round "04"]
[TimeControl "180+2"]
[Date "2023.05.31"]
[WhiteClock "0:00:26"]
[BlackClock "0:00:13"]

1. e4 c6 2. d4 d5 3. exd5 cxd5 4. Bd3 Nf6 5. h3 g6 6. Nf3 Bf5 7. O-O Bxd3 8. Qxd3 Nc6 9. c3 Bg7 10. Bg5 O-O 11. Nbd2 a6 12. Rfe1 e6 13. Ne5 Qc7 14. Ndf3 Nd7 15. Ng4 b5 16. h4 b4 17. h5 bxc3 18. bxc3 Rfe8 19. g3 Ne7 20. hxg6 hxg6 21. Kg2 Nf5 22. Rh1 Rac8 23. Rac1 Qc4 24. Qd2 Rb8 25. Ne3 Nxe3+ 26. Qxe3 Rb2 27. Qf4 Qe2 28. Rcf1 Qe4 29. Qd6 Nf8 30. Rh4 Qe2 31. Qf4 Qe4 32. Qxe4 dxe4 33. Rxe4 Rxa2 34. d5 Rc8 35. c4 Rc2 36. d6 R2xc4 37. Re2 Nd7 38. Rd1 Rc2 39. Re4 R2c4 40. Re3 a5 41. Rb3 Rb4 42. Ra3 a4 43. Ne1 Bb2 44. Ra2 a3 45. Nd3 Rb6 46. Be7 Rc2 47. Rb1 Rd2 48. Ne1 f6 49. Nf3 Rd3 50. Ne1 Rdb3 51. Nc2 Kf7 52. Bd8 R6b5 53. Bc7 e5 54. Ne3 Ke6 55. Nc4 R5b4 56. Nd2 Rd3 57. Nf1 Rc4 58. Ne3 Rc6 59. Nd1 Rd2 60. Kf1 Rcc2 61. Kg2 f5 62. Kh3 g5 63. Kg2 Nf6 64. Kg1 g4 65. Nxb2 axb2 66. d7 Nxd7 67. Ra6+ Ke7 68. Kg2 Rxf2+ 69. Kg1 Rg2+ 70. Kh1 Rh2+ 71. Kg1 Rcg2+ 72. Kf1 Rh1+ 73. Kxg2 Rxb1 74. Bd6+ Ke6 75. Kf2 Kd5 76. Ba3 Ra1 77. Ra5+ Kc4 78. Ra4+ Kb3 79. Bxb2 Rxa4 80. Ba1 Ra2+ 81. Ke3 Rxa1 82. Ke2 e4 83. Ke3 Rg1 84. Kf4 Rg2 85. Ke3 Rxg3+ 86. Kf4 Rf3+ 0-1


[Site "https://www.chess.com"]

[Event "Titled Tuesday Blitz May 30 Late 2023"]
[White "Sarana, Alexey"]
[Black "Adla, Diego"]
[WhiteFideId "24133795"]
[BlackFideId "100072"]
[WhiteElo "2714"]
[BlackElo "2377"]
[Result "1-0"]
[Round "04"]
[TimeControl "180+2"]
[Date "2023.05.31"]
[WhiteClock "0:01:12"]
[BlackClock "0:01:44"]

1. c4 e6 2. Nc3 d5 3. d4 Nf6 4. Bg5 Be7 5. e3 O-O 6. Qc2 Nbd7 7. Rd1 h6 8. Bh4 b6 9. Nf3 Bb7 10. cxd5 Nxd5 11. Bg3 Rc8 12. Nxd5 Bxd5 13. Ba6 Bb4+ 14. Ke2 c5 15. a3 Ba5 16. Bd6 Nf6 17. Bxf8 Qxf8 18. Bxc8 Qxc8 19. dxc5 bxc5 20. Rxd5 exd5 21. Rc1 Ne4 22. Qd3 Qf5 23. Rxc5 Qg4 24. Rxd5 1-0


[Site "https://www.chess.com"]

[Event "Titled Tuesday Blitz May 30 Late 2023"]
[White "Bortnyk, Olexandr"]
[Black "Bitoon, Richard"]
[WhiteFideId "14120828"]
[BlackFideId "5201110"]
[WhiteElo "2734"]
[BlackElo "2374"]
[Result "1-0"]
[Round "04"]
[TimeControl "180+2"]
[Date "2023.05.31"]
[WhiteClock "0:00:07"]
[BlackClock "0:00:02"]

1. e4 e5 2. Bc4 Nf6 3. d3 Bc5 4. Nc3 d6 5. Bg5 h6 6. Bh4 Nc6 7. Nf3 Be6 8. a3 g5 9. Bg3 Nh5 10. Nd5 Nxg3 11. hxg3 Bxd5 12. Bxd5 Nd4 13. Nxd4 Bxd4 14. c3 Bb6 15. Bxb7 Qf6 16. Qf3 Qxf3 17. gxf3 Rb8 18. Bc6+ Ke7 19. b4 a5 20. Ke2 Ba7 21. Rh5 Rb6 22. b5 Kf6 23. f4 exf4 24. gxf4 Kg6 25. Rah1 f6 26. fxg5 fxg5 27. f4 gxf4 28. Rf5 h5 29. Rg1+ Kh6 30. Rf6+ Kh7 31. Rf7+ Kh6 32. Rfg7 h4 33. R1g6+ Kh5 34. Rg5+ Kh6 35. R5g6+ Kh5 36. Bd7 h3 37. Rg5+ Kh4 38. Rg4+ Kh5 39. Rxf4 h2 40. Rf1 Rbb8 41. Rh1 Rbg8 42. Rxh2# 1-0


[Site "https://www.chess.com"]

[Event "Titled Tuesday Blitz May 30 Late 2023"]
[White "Grinev, Valeriy"]
[Black "Kramnik, Vladimir"]
[WhiteFideId "14117517"]
[BlackFideId "4101588"]
[WhiteElo "2366"]
[BlackElo "2703"]
[Result "0-1"]
[Round "04"]
[TimeControl "180+2"]
[Date "2023.05.31"]
[WhiteClock "0:00:49"]
[BlackClock "0:00:33"]

1. e4 c5 2. Nf3 e6 3. d4 cxd4 4. Nxd4 a6 5. Bd3 Nf6 6. O-O Qc7 7. Qe2 d6 8. f4 Nbd7 9. Kh1 Nc5 10. Nc3 Be7 11. e5 Nfd7 12. exd6 Qxd6 13. Be3 O-O 14. Rad1 Nf6 15. Nb3 Nxd3 16. Rxd3 Qc6 17. Nd4 Qc7 18. Nb3 b5 19. Bd4 Bb7 20. Rg3 Rad8 21. Be5 Qc4 22. Qxc4 bxc4 23. Na5 Rd7 24. Nxc4 g6 25. Na5 Ba8 26. Nb3 Rc8 27. Nd4 Nh5 28. Rd3 f6 29. Nxe6 Rxd3 30. cxd3 fxe5 31. fxe5 Rc6 32. Nd4 Rc5 33. e6 Re5 34. Ne4 Bxe4 35. dxe4 Rxe4 36. Nc6 Rxe6 37. Nxe7+ Rxe7 38. g4 Ng7 39. Rf6 Ne6 40. Kg2 Kg7 41. Rf2 Nc5 42. Rc2 Nd3 43. b3 Ne1+ 0-1


[Site "https://www.chess.com"]

[Event "Titled Tuesday Blitz May 30 Late 2023"]
[White "Moussard, Jules"]
[Black "Kleiman, Jake"]
[WhiteFideId "642908"]
[BlackFideId "2020041"]
[WhiteElo "2610"]
[BlackElo "2592"]
[Result "1-0"]
[Round "04"]
[TimeControl "180+2"]
[Date "2023.05.31"]
[WhiteClock "0:00:28"]
[BlackClock "0:00:05"]

1. d4 Nf6 2. Nf3 e6 3. c4 Bb4+ 4. Bd2 Bxd2+ 5. Qxd2 d5 6. Nc3 O-O 7. e3 Qe7 8. cxd5 exd5 9. Be2 Nc6 10. O-O Bg4 11. Rac1 Rad8 12. a3 Rfe8 13. b4 Ne4 14. Nxe4 dxe4 15. Ne1 Bxe2 16. Qxe2 Rd6 17. Rc5 Nd8 18. Nc2 c6 19. b5 b6 20. Rc3 Rg6 21. Nb4 Qg5 22. g3 cxb5 23. Rc8 a5 24. Na6 Qf5 25. Rfc1 Qh3 26. Qxb5 Rf8 27. Qf1 Qf5 28. a4 h5 29. h4 Qg4 30. Nb8 Ne6 31. Nd7 Rxc8 32. Rxc8+ Kh7 33. Ne5 Qf5 34. Qb5 Nxd4 35. Qe8 Ne2+ 36. Kf1 Nxg3+ 37. Ke1 Qxc8 38. Qxc8 1-0


[Site "https://www.chess.com"]

[Event "Titled Tuesday Blitz May 30 Late 2023"]
[White "Bok, Benjamin"]
[Black "Omelja, Artem"]
[WhiteFideId "1017063"]
[BlackFideId "14119846"]
[WhiteElo "2657"]
[BlackElo "2404"]
[Result "1-0"]
[Round "04"]
[TimeControl "180+2"]
[Date "2023.05.31"]
[WhiteClock "0:00:03"]
[BlackClock "0:00:02"]

1. d4 Nf6 2. c4 e6 3. Nc3 d5 4. cxd5 exd5 5. Bg5 c6 6. e3 Be7 7. Bd3 O-O 8. Qc2 Nbd7 9. h3 Re8 10. Nf3 Nf8 11. Bf4 Bd6 12. Bxd6 Qxd6 13. O-O Ng6 14. Rab1 a5 15. a3 b5 16. Rfc1 Bd7 17. Nd2 a4 18. Na2 Rac8 19. Nb4 Qe6 20. b3 axb3 21. Rxb3 Ne4 22. Nxe4 dxe4 23. Bf1 Nh4 24. Rc3 Qg6 25. Nxc6 h6 26. Ne7+ Rxe7 27. Rxc8+ Kh7 28. Kh1 Qf6 29. Rc7 Bxh3 30. Rxe7 Bxg2+ 31. Bxg2 Qg5 32. Qxe4+ g6 33. Rxf7+ Kg8 34. Qe8# 1-0


[Site "https://www.chess.com"]

[Event "Titled Tuesday Blitz May 30 Late 2023"]
[White "Marra, Eduardo da Costa"]
[Black "Sjugirov, Sanan"]
[WhiteFideId "2106990"]
[BlackFideId "4189302"]
[WhiteElo "2252"]
[BlackElo "2569"]
[Result "0-1"]
[Round "04"]
[TimeControl "180+2"]
[Date "2023.05.31"]
[WhiteClock "0:00:01"]
[BlackClock "0:01:36"]

1. d3 e5 2. Nf3 Nc6 3. c4 Nf6 4. Nc3 Bb4 5. e4 d6 6. Be2 O-O 7. O-O a6 8. Bg5 Bxc3 9. bxc3 h6 10. Bd2 Nh7 11. Ne1 f5 12. exf5 Bxf5 13. Bg4 Qd7 14. Bxf5 Qxf5 15. f3 Nf6 16. Qe2 Rae8 17. Nc2 Nh5 18. Nb4 Nxb4 19. cxb4 Nf4 20. Bxf4 exf4 21. Qd2 Re3 22. Rad1 Rfe8 23. Rf2 Qe6 24. a3 d5 25. h3 d4 26. b5 Kh7 27. a4 Qg6 28. c5 axb5 29. axb5 R8e5 30. Qb4 Rxd3 31. Rxd3 Qxd3 32. Rd2 Re1+ 33. Kh2 Qf1 34. h4 Qh1# 0-1


[Site "https://www.chess.com"]

[Event "Titled Tuesday Blitz May 30 Late 2023"]
[White "Lopez Mulet, Inigo"]
[Black "Svane, Rasmus"]
[WhiteFideId "22235620"]
[BlackFideId "4657101"]
[WhiteElo "2289"]
[BlackElo "2601"]
[Result "1-0"]
[Round "04"]
[TimeControl "180+2"]
[Date "2023.05.31"]
[WhiteClock "0:00:56"]
[BlackClock "0:00:29"]

1. c4 e6 2. Nf3 d5 3. b3 c5 4. e3 Nc6 5. Bb2 d4 6. exd4 cxd4 7. g3 e5 8. Bg2 Bd6 9. O-O Nge7 10. Na3 O-O 11. d3 Ng6 12. Nc2 Bg4 13. Qe1 Qd7 14. b4 Rae8 15. b5 Nd8 16. Nd2 Be6 17. a4 f5 18. a5 Bf7 19. a6 b6 20. Qc1 Re7 21. Ba3 Ne6 22. Nb4 Nc5 23. Bc6 Qd8 24. Bg2 Qc8 25. Qc2 Rfe8 26. Nd5 Rd7 27. Rfe1 h6 28. Nxb6 axb6 29. Bxc5 Bxc5 30. a7 Bb4 31. a8=Q Qxa8 32. Rxa8 Rxa8 33. Bxa8 e4 34. Bc6 Rd6 35. dxe4 d3 36. Qb2 Bxd2 37. Qxd2 Ne5 38. exf5 Nxc4 39. Qc3 d2 40. Rd1 Kh7 41. Be4 Kh8 42. f3 Rd8 43. Bd3 Ne5 44. Qxe5 Rxd3 45. Qe2 Bc4 46. Rxd2 Re3 47. Qxe3 1-0


[Site "https://www.chess.com"]

[Event "Titled Tuesday Blitz May 30 Late 2023"]
[White "Mathieu, Phileas"]
[Black "Kevlishvili, Robby"]
[WhiteFideId "36048410"]
[BlackFideId "1040634"]
[WhiteElo "2241"]
[BlackElo "2572"]
[Result "0-1"]
[Round "04"]
[TimeControl "180+2"]
[Date "2023.05.31"]
[WhiteClock "0:00:17"]
[BlackClock "0:00:30"]

1. c4 c6 2. Nf3 g6 3. g3 Bg7 4. Bg2 Nf6 5. O-O O-O 6. b3 d5 7. Bb2 Bg4 8. Ne5 Bf5 9. d3 a5 10. Nd2 Nbd7 11. Nxd7 Qxd7 12. e4 dxe4 13. dxe4 Bg4 14. f3 Rfd8 15. Bc3 Qd3 16. Qc1 Ne8 17. Bxg7 Nxg7 18. Rd1 Qe3+ 19. Kh1 Be6 20. Nf1 Qf2 21. Qe3 Qb2 22. Rdb1 Qa3 23. Kg1 Rd7 24. Qf2 Rad8 25. Rb2 a4 26. Rc1 Qb4 27. Qe1 Qc5+ 28. Qf2 Qb4 29. Qe1 Qa3 30. Qf2 Rd4 31. Rcc2 Bc8 32. Ne3 e5 33. h4 h5 34. Qe2 Rd3 35. Rd2 Rxd2 36. Rxd2 Rxd2 37. Qxd2 Ne6 38. bxa4 Nd4 39. a5 Be6 40. f4 f6 41. f5 Bf7 42. Bh3 Nf3+ 0-1


[Site "https://www.chess.com"]

[Event "Titled Tuesday Blitz May 30 Late 2023"]
[White "Babazada, Khazar"]
[Black "Taboas Rodriguez, Daniel"]
[WhiteFideId "13413554"]
[BlackFideId "2208466"]
[WhiteElo "2351"]
[BlackElo "2365"]
[Result "1-0"]
[Round "04"]
[TimeControl "180+2"]
[Date "2023.05.31"]
[WhiteClock "0:01:21"]
[BlackClock "0:00:20"]

1. e4 e5 2. Nf3 Nc6 3. Bb5 Nf6 4. d3 d6 5. O-O Bd7 6. c3 g6 7. Re1 Bg7 8. Nbd2 O-O 9. Nf1 Nh5 10. Ng3 Nxg3 11. hxg3 f5 12. Bc4+ Kh8 13. exf5 Bxf5 14. Bb3 Bg4 15. Qe2 Qf6 16. Bd1 Rae8 17. Qe4 Bf5 18. Qe2 e4 19. dxe4 Rxe4 20. Be3 Bg4 21. Qc2 Rfe8 22. Nd2 Bxd1 23. Qxe4 Rxe4 24. Nxe4 Qf5 25. Raxd1 Qxe4 26. Bd4 Qxe1+ 27. Rxe1 Be5 28. Bxe5+ Nxe5 29. f4 Nc6 30. Re8+ Kg7 31. Rc8 Kf6 32. Rxc7 1-0


[Site "https://www.chess.com"]

[Event "Titled Tuesday Blitz May 30 Late 2023"]
[White "Demidov, Mikhail"]
[Black "Thorfinnsson, Bragi"]
[WhiteFideId "4197143"]
[BlackFideId "2300958"]
[WhiteElo "2500"]
[BlackElo "2322"]
[Result "1-0"]
[Round "04"]
[TimeControl "180+2"]
[Date "2023.05.31"]
[WhiteClock "0:00:07"]
[BlackClock "0:00:09"]

1. Nf3 Nf6 2. g3 d5 3. Bg2 g6 4. b3 Bg7 5. Bb2 O-O 6. c4 c6 7. O-O a5 8. Nc3 Bg4 9. h3 Bxf3 10. Bxf3 e5 11. cxd5 cxd5 12. Rc1 Nc6 13. Bg2 Rc8 14. d3 Re8 15. Qd2 h5 16. Rfd1 Kh7 17. Qe1 Bh6 18. Rb1 Nd4 19. e3 b5 20. exd4 exd4 21. Ne2 Rc2 22. Bf1 h4 23. g4 Qd7 24. Bxd4 Nxg4 25. Rb2 Rxb2 26. Bxb2 Ne5 27. Bg2 Qf5 28. Bxe5 Qxe5 29. Kf1 Qb2 30. Bxd5 Qxa2 31. d4 a4 32. Ra1 Qb2 33. Rb1 Qa2 34. Ra1 Qb2 35. Rd1 axb3 36. Rd3 Qc2 37. Rxb3 Qf5 38. Bg2 Qd7 39. Qb1 Qe6 40. Ng1 Bg7 41. Nf3 Qc4+ 42. Kg1 b4 43. Rxb4 Qc8 44. Rb3 Qe6 45. Rb6 Qd5 46. Qc1 Qe4 47. Ng5+ Kg8 48. Nxe4 Rxe4 49. Bxe4 f5 50. Rb7 Kh7 51. Qc6 Kh6 52. Qd7 Kg5 53. Qxg7 Kf4 54. Qe5+ Kg5 55. f4+ Kh5 56. Bf3+ Kh6 57. Qh8# 1-0


[Site "https://www.chess.com"]

[Event "Titled Tuesday Blitz May 30 Late 2023"]
[White "Golubev, Mikhail"]
[Black "Henriquez Villagra, Cristobal"]
[WhiteFideId "14100983"]
[BlackFideId "3409350"]
[WhiteElo "2374"]
[BlackElo "2542"]
[Result "0-1"]
[Round "04"]
[TimeControl "180+2"]
[Date "2023.05.31"]
[WhiteClock "0:00:02"]
[BlackClock "0:01:03"]

1. e4 d6 2. d4 Nf6 3. Nc3 e5 4. Nf3 Nbd7 5. Bc4 Be7 6. a4 O-O 7. O-O h6 8. Re1 c6 9. h3 Re8 10. Be3 exd4 11. Bxd4 Bf8 12. Qd2 Qc7 13. Nh4 Ne5 14. Bb3 g5 15. Bxe5 dxe5 16. Nf3 Nh5 17. Ne2 Bd7 18. Rad1 Rad8 19. Qc1 Nf4 20. Nxf4 gxf4 21. Rd3 Bc8 22. Red1 Rxd3 23. Rxd3 Be7 24. Qd2 Kg7 25. Qc3 Bf6 26. Qc5 b6 27. Qd6 Re7 28. Qxc7 Rxc7 29. Bc4 Kf8 30. b4 Ke7 31. Bb3 c5 32. Rc3 Bb7 33. Nd2 f3 34. gxf3 Rd7 35. Nf1 cxb4 36. Rc4 a5 37. Ne3 Bg5 38. Nd5+ Bxd5 39. exd5 Rxd5 40. Rc7+ Rd7 41. Rxd7+ Kxd7 42. Bxf7 Kc6 43. Bc4 Kc5 44. Bb5 Kd4 45. Kf1 Kc3 46. Ke2 Kxc2 47. Bd3+ Kc3 48. Be4 b3 49. Kd1 b2 50. Bb1 Kb3 0-1


[Site "https://www.chess.com"]

[Event "Titled Tuesday Blitz May 30 Late 2023"]
[White "Terry, Renato"]
[Black "Bilan, Danila"]
[WhiteFideId "3803457"]
[BlackFideId "24161918"]
[WhiteElo "2575"]
[BlackElo "2182"]
[Result "1-0"]
[Round "04"]
[TimeControl "180+2"]
[Date "2023.05.31"]
[WhiteClock "0:02:09"]
[BlackClock "0:00:20"]

1. d4 d5 2. Bg5 Nf6 3. Nc3 c6 4. e3 Bf5 5. Bd3 Bg6 6. Nf3 Nbd7 7. O-O Qc7 8. Bf4 Qb6 9. a3 e6 10. b4 Be7 11. Na4 Qd8 12. Nc5 Bxd3 13. Qxd3 b6 14. Na6 O-O 15. c4 Rc8 16. Rfc1 c5 17. Bg3 cxd4 18. Nxd4 dxc4 19. Rxc4 Rxc4 20. Qxc4 Qa8 21. Nc6 Re8 22. Nc7 Qc8 23. Nxe8 Qxe8 24. Nxa7 g6 25. Qc8 Nd5 26. Qxe8+ 1-0


[Site "https://www.chess.com"]

[Event "Titled Tuesday Blitz May 30 Late 2023"]
[White "Remizov, Yaroslav"]
[Black "Perske, Thore"]
[WhiteFideId "34134015"]
[BlackFideId "12902195"]
[WhiteElo "2400"]
[BlackElo "2336"]
[Result "1-0"]
[Round "04"]
[TimeControl "180+2"]
[Date "2023.05.31"]
[WhiteClock "0:00:09"]
[BlackClock "0:01:44"]

1. e4 e6 2. Nc3 d5 3. g3 dxe4 4. Nxe4 Bd7 5. Nf3 Bc6 6. d3 Nf6 7. Qe2 Nbd7 8. Bg2 Nxe4 9. dxe4 e5 10. O-O Bc5 11. Bg5 Be7 12. Bd2 O-O 13. Rad1 Bc5 14. Bc3 Qe7 15. Bh3 f6 16. Qc4+ Kh8 17. Bxd7 Bxd7 18. Rxd7 Bxf2+ 19. Rxf2 Qxd7 20. Rd2 Qg4 21. Kg2 Rad8 22. Rxd8 Rxd8 23. Qxc7 Rc8 24. Qxb7 h5 25. h3 Qe6 26. Qxa7 Rd8 27. Nd2 Qc6 28. Qf7 Qb5 29. Qxh5+ Kg8 30. Qf3 Qa4 31. Qe2 Qxa2 32. Qc4+ 1-0


[Site "https://www.chess.com"]

[Event "Titled Tuesday Blitz May 30 Late 2023"]
[White "Hansen, Eric"]
[Black "Poltorak, Sebastian"]
[WhiteFideId "2606771"]
[BlackFideId "1199498"]
[WhiteElo "2561"]
[BlackElo "2195"]
[Result "1/2-1/2"]
[Round "04"]
[TimeControl "180+2"]
[Date "2023.05.31"]
[WhiteClock "0:00:03"]
[BlackClock "0:00:03"]

1. b3 c5 2. Bb2 Nc6 3. e4 e5 4. Bb5 d6 5. d3 f5 6. exf5 Bxf5 7. Ne2 Nf6 8. O-O Be7 9. f4 O-O 10. Bxc6 bxc6 11. h3 exf4 12. Nxf4 Nd5 13. Nxd5 cxd5 14. Nc3 d4 15. Nd5 Be6 16. Qh5 Qd7 17. Rae1 Rxf1+ 18. Rxf1 Rf8 19. Nxe7+ Qxe7 20. Rxf8+ Qxf8 21. Bc1 h6 22. Qh4 Kh7 23. Qg3 d5 24. Bf4 Qf7 25. Bd6 c4 26. Be5 cxd3 27. cxd3 Qg6 28. Kf2 Qf5+ 29. Ke2 g5 30. Bxd4 Bf7 31. Bxa7 h5 32. Bd4 h4 33. Qe5 Qxe5+ 34. Bxe5 Kg6 35. Ke3 Kf5 36. Kd4 Be8 37. Kxd5 Bf7+ 38. Kd4 Be8 39. Kd5 Bf7+ 40. Kd6 g4 41. hxg4+ Kxg4 42. Bf6 Bg6 43. d4 Be4 44. d5 Bxg2 45. Bxh4 Kxh4 1/2-1/2


[Site "https://www.chess.com"]

[Event "Titled Tuesday Blitz May 30 Late 2023"]
[White "Ozates, Tuna"]
[Black "Gorovets, Andrey"]
[WhiteFideId "6354521"]
[BlackFideId "13504037"]
[WhiteElo "2151"]
[BlackElo "2459"]
[Result "1/2-1/2"]
[Round "04"]
[TimeControl "180+2"]
[Date "2023.05.31"]
[WhiteClock "0:00:37"]
[BlackClock "0:01:24"]

1. e4 c5 2. Nf3 e6 3. d4 cxd4 4. Nxd4 Nf6 5. Nc3 d6 6. h4 a6 7. g4 h5 8. g5 Ng4 9. Be2 g6 10. f3 Ne5 11. f4 Ng4 12. f5 gxf5 13. exf5 e5 14. Nd5 exd4 15. Qxd4 Ne5 16. Nf6+ Ke7 17. Nd5+ Ke8 18. Nf6+ Ke7 19. Nd5+ Ke8 20. Nf6+ Ke7 1/2-1/2


[Site "https://www.chess.com"]

[Event "Titled Tuesday Blitz May 30 Late 2023"]
[White "Gheorghiu, Calin"]
[Black "Bryakin, Mikhail"]
[WhiteFideId "1200305"]
[BlackFideId "4165314"]
[WhiteElo "2223"]
[BlackElo "2467"]
[Result "0-1"]
[Round "04"]
[TimeControl "180+2"]
[Date "2023.05.31"]
[WhiteClock "0:00:03"]
[BlackClock "0:02:15"]

1. e4 g6 2. d4 Bg7 3. c4 c5 4. Ne2 cxd4 5. Nxd4 Nc6 6. Be3 Nf6 7. Nc3 O-O 8. Be2 d6 9. O-O Bd7 10. Rc1 Nxd4 11. Bxd4 Bc6 12. f3 a5 13. b3 Nd7 14. Bxg7 Kxg7 15. Nd5 Bxd5 16. exd5 Qb6+ 17. Kh1 a4 18. f4 axb3 19. axb3 Ra2 20. Rf3 Rfa8 21. Qd3 Nf6 22. f5 Rb2 23. fxg6 hxg6 24. Rcf1 Raa2 25. R1f2 Ra3 26. Rxf6 exf6 27. Qf3 Qd4 28. h3 Raxb3 0-1


[Site "https://www.chess.com"]

[Event "Titled Tuesday Blitz May 30 Late 2023"]
[White "Chylewski, Patryk"]
[Black "Maksimovic, Bojan"]
[WhiteFideId "1186191"]
[BlackFideId "14408120"]
[WhiteElo "2163"]
[BlackElo "2468"]
[Result "0-1"]
[Round "04"]
[TimeControl "180+2"]
[Date "2023.05.31"]
[WhiteClock "0:00:03"]
[BlackClock "0:01:29"]

1. e4 g6 2. d4 Nf6 3. Nc3 d5 4. f3 dxe4 5. fxe4 e5 6. d5 Bc5 7. Bg5 h6 8. Bh4 g5 9. Bg3 Bg4 10. Be2 Bxe2 11. Qxe2 Nbd7 12. Nf3 Qe7 13. O-O-O O-O-O 14. Kb1 Kb8 15. Nd2 h5 16. Rhf1 h4 17. Bf2 Bxf2 18. Rxf2 Nh5 19. Rdf1 f6 20. Nc4 Nb6 21. Ne3 Nf4 22. Qg4 Qc5 23. Qf3 Nc4 24. Nxc4 Qxc4 25. g3 Nh3 26. Re2 Rd6 27. Qg2 g4 28. gxh4 Nf4 29. Rxf4 exf4 30. Qxg4 b5 31. Re1 b4 32. Nd1 Re8 33. Qxf4 Rxd5 34. Ne3 Qxe4 35. Qf1 Rde5 36. Ng2 Qxe1+ 37. Nxe1 Rxe1+ 38. Qxe1 Rxe1# 0-1


[Site "https://www.chess.com"]

[Event "Titled Tuesday Blitz May 30 Late 2023"]
[White "Moral Garcia, Serafin"]
[Black "Mekhitarian, Krikor Sevag"]
[WhiteFideId "2201925"]
[BlackFideId "2107660"]
[WhiteElo "2274"]
[BlackElo "2604"]
[Result "0-1"]
[Round "04"]
[TimeControl "180+2"]
[Date "2023.05.31"]
[WhiteClock "0:00:17"]
[BlackClock "0:00:04"]

1. e4 e6 2. d4 d5 3. Nd2 c5 4. exd5 Qxd5 5. Ngf3 cxd4 6. Bc4 Qd7 7. O-O Nc6 8. Nb3 a6 9. Nbxd4 Nxd4 10. Nxd4 Qc7 11. Bb3 Bd6 12. h3 Ne7 13. c3 O-O 14. Bc2 Ng6 15. Qh5 Bd7 16. Nf3 Qc5 17. Bxg6 hxg6 18. Qh4 f6 19. Be3 Qc6 20. Rfd1 Rad8 21. Rd2 e5 22. Rad1 Be6 23. b3 Bc7 24. c4 Rxd2 25. Rxd2 b5 26. c5 a5 27. b4 axb4 28. Qxb4 Ra8 29. Qb1 Kf7 30. Rb2 Bf5 31. Qd1 Be4 32. Qb3+ Bd5 33. Qd1 Rxa2 34. Rxa2 Bxa2 35. Nd2 Bd5 36. f3 b4 37. Qb1 Qb5 38. Ne4 Qc4 39. Nd6+ Bxd6 40. cxd6 Be6 41. Qc1 Qxc1+ 42. Bxc1 Ke8 43. Bd2 b3 44. Bc1 Kd7 45. Ba3 Bc4 46. Kf2 g5 47. g3 Ke6 48. Ke3 Bb5 49. h4 gxh4 50. gxh4 Bc6 51. f4 Kf5 52. fxe5 fxe5 53. Bb2 g6 54. Bc3 Ke6 55. Bb2 Kxd6 56. Kd3 Ke6 57. Kc3 Bd5 58. Kd3 Bf3 59. Ke3 Bd1 60. Kd2 Bc2 61. Ke3 Kf5 62. Kf3 e4+ 63. Kg3 Bd1 64. Bc3 e3 65. Bb2 Ke4 66. Bc1 Kd3 67. Kf4 e2 0-1


[Site "https://www.chess.com"]